 Dungeon Crawl Stone Soup version 0.29.1-1-gd02db6906a (webtiles) character file.

Game seed: 16097336871501415542

7003 xian the Skirmisher (level 10, -1/53 HPs)
             Began as a Spriggan Hunter on Oct 17, 2022.
             Succumbed to a green ugly thing's poison
             ... on level 9 of the Dungeon.
             The game lasted 00:26:46 (8741 turns).

xian the Skirmisher (Spriggan Hunter)               Turns: 8741, Time: 00:26:46

Health: -1/53      AC:  9    Str: 13    XL:     10   Next: 82%
Magic:  11/11      EV: 26    Int:  7    God:
Gold:   421        SH:  0    Dex: 19    Spells: 9/9 levels left

rFire   + + +      SeeInvis +   a - +0 shortbow
rCold   . . .      Faith    .   (shield currently unavailable)
rNeg    . . .      Spirit   .   c - +1 robe
rPois   .          Reflect  .   (helmet restricted)
rElec   .          Harm     .   x - +1 cloak of Fortification {rF+++ Regen+ Str+2 Int-4}
rCorr   .          Rampage  .   (gloves unavailable)
Will    +....                   (boots unavailable)
Stlth   +++.......              (no amulet)
HPRegen 0.97/turn               o - +4 ring of evasion
MPRegen 0.12/turn               k - +4 ring of protection

@: lethally poisoned (-1 -> -13), hasted, very quick
A: very small, no large weapons, unfitting armour, see invisible, speed 3
a: no special abilities


You were on level 9 of the Dungeon.
You visited 2 branches of the dungeon, and saw 10 of its levels.
You also visited: Sewer and Bailey.

You collected 421 gold pieces.

Inventory:

Hand Weapons
 a - a +0 shortbow (weapon)
 e - a +2 dagger of venom
Missiles
 m - a throwing net
Armour
 c - a +1 robe (worn)
 f - a scarf of shadows
 u - an orb of energy
 w - the +18 shield of the Gong {rElec rN+ Will+ EV-5}
   (You found it in a bailey)

   It is deafeningly noisy when blocking attacks.
   EV:        It affects your evasion (-5).
   rElec:     It insulates you from electricity.
   rN:        It protects you from negative energy.
   Will:      It increases your willpower.
 x - the +1 cloak of Fortification (worn) {rF+++ Regen+ Str+2 Int-4}
   (You found it on level 6 of the Dungeon)

   Str:       It affects your strength (+2).
   Int:       It affects your intelligence (-4).
   rF:        It renders you almost immune to fire.
   Regen:     It increases your rate of health regeneration.
 y - a +2 buckler
 z - a +10 plate armour of ponderousness
 C - a +0 pair of gloves of infusion
Jewellery
 j - a ring of protection from cold
 k - a +4 ring of protection (right hand)
 o - a +4 ring of evasion (left hand)
 r - a +4 ring of protection
 A - a ring of wizardry
Wands
 i - a wand of paralysis (6)
Scrolls
 b - 3 scrolls of immolation
 g - 2 scrolls of fear
 l - 3 scrolls of poison
 n - 2 scrolls of enchant armour
 q - 3 scrolls of amnesia
Potions
 d - 3 potions of cancellation
 h - 2 potions of mutation
 p - a potion of magic
 s - a potion of lignification {unknown}
 t - a potion of brilliance {unknown}
 v - a potion of haste
 D - a potion of invisibility
Miscellaneous
 B - a lightning rod (4/4)


   Skills:
 + Level 6.7 Fighting
 + Level 14.1 Ranged Weapons
 + Level 7.1 Dodging
 + Level 3.6 Stealth


You had 9 spell levels left.
You didn't know any spells.
Your spell library contained the following spells:

 Spells                   Type           Power      Damage    Failure   Level
 Beastly Appendage        Tmut           0%         N/A       43%         1
 Sandblast                Erth           0%         2d4       43%         1
 Blink                    Tloc           0%         N/A       56%         2
 Passwall                 Tmut/Erth      0%         N/A       56%         2
 Sublimation of Blood     Necr           0%         N/A       56%         2
 Wereblood                Tmut           0%         N/A       56%         2
 Dazzling Flash           Conj/Hex       0%         N/A       80%         3
 Gell's Gravitas          Tloc           0%         N/A       80%         3
 Lesser Beckoning         Tloc           0%         N/A       80%         3
 Spider Form              Tmut/Pois      0%         N/A       80%         3
 Stone Arrow              Conj/Erth      0%         3d7       80%         3
 Teleport Other           Tloc           0%         N/A       80%         3
 Animate Armour           Summ/Erth      0%         N/A       99%         4
 Iskenderun's Mystic Bla  Conj/Tloc      0%         2d3       99%         4
 Manifold Assault         Tloc           0%         N/A       100%        5
 Starburst                Conj/Fire      0%         6d3       100%        6
 Storm Form               Tmut/Air       0%         N/A       100%        7
 Summon Hydra             Summ           0%         N/A       100%        7
 Lehudib's Crystal Spear  Conj/Erth      0%         10d2      100%        8


Dungeon Overview and Level Annotations

Branches:
Dungeon (9/15)             Temple (1/1) D:4           Sewer (visited)
 Bailey (visited)
   Lair: D:8-11         Orc: D:9-12

Altars:
Ashenzari
Cheibriados
Dithmenos
Elyvilon
Hepliaklqana
Kikubaaqudgha
Makhleb
Nemelex Xobeh
Okawaru
Qazlal
Ru
Sif Muna
Uskayaw
Vehumet
Wu Jian
Xom
Zin
The Shining One

Annotations:
D:9 Harold


Innate Abilities, Weirdness & Mutations

You are very small and have problems with some larger weapons.
You are too small for most types of armour.
You have supernaturally acute eyesight. (SInv)
You cover ground extremely quickly. (Speed+++)


Message History

You are no longer poisoned.
The green ugly thing punches you.
You are lethally poisoned!
The green ugly thing poisons you!
Fire: a) +0 shortbow
Press: ? - help, Q - select action, (/) - cycle Shift-Dir - straight line, f/p - green ugly thing
Aim: a green ugly thing (almost dead, 70% to hit)
You shoot an arrow. The arrow hits the green ugly thing.
The green ugly thing is almost dead.
* * * LOW HITPOINT WARNING * * *
You feel extremely sick. The green ugly thing misses you.
Fire: a) +0 shortbow
Press: ? - help, Q - select action, (/) - cycle Shift-Dir - straight line, f/p - green ugly thing
Aim: a green ugly thing (almost dead, 70% to hit)
You shoot an arrow. The arrow hits the green ugly thing.
The green ugly thing is almost dead.
* * * LOW HITPOINT WARNING * * *
You feel very sick. The green ugly thing misses you.
Fire: a) +0 shortbow
Press: ? - help, Q - select action, (/) - cycle Shift-Dir - straight line, f/p - green ugly thing
Aim: a green ugly thing (almost dead, 70% to hit)
You shoot an arrow. The arrow hits the green ugly thing!
You kill the green ugly thing!
* * * LOW HITPOINT WARNING * * *
You feel very sick.
Your Ranged Weapons skill increases to level 14!
Fire: a) +0 shortbow
Press: ? - help, Q - select action, (/) - cycle Shift-Dir - straight line, f - you Really target yourself? [Y]es or [N]o only, please.
Really target yourself?
Okay, then.
Fire: a) +0 shortbow
Press: ? - help, Q - select action, (/) - cycle Shift-Dir - straight line, f - you
Okay, then.
Drinking this now will have no effect.
It was a potion of haste.
You feel yourself speed up.
You die...

.......#...###.#..
###.#.#........#
.##.#
#........#######
.#..#
#......##########.#.#
.....#.............[#
...######...........#
..## #..........#
...#######.........#
.#.........[....@..#
.########..........#
.# #...........# ##
#..#.........#
####.####..###..#
...>.#####.## ..#
#...........##..#
.......<.....#..#
...>.............


There were no monsters in sight!

Vanquished Creatures
  A two-headed ogre (D:7)
  An ugly thing (D:9)
  A gargoyle (Bailey)
  Psyche (D:8)
  Grinder (Sewer)
  Sigmund (D:2)
  A vampire (Bailey)
  3 steam dragons
  4 yaks (D:8)
  An acid dragon (D:8)
  4 water moccasins
  3 black bears
  An ice beast (D:5)
  2 ogres
  3 kobold brigands
  A bullfrog (D:6)
  A scorpion (D:5)
  2 gnoll sergeants (D:7)
  5 wights (D:7)
  16 killer bees
  2 howler monkeys (D:7)
  11 vampire bats
  7 wolf zombies (Bailey)
  A quasit (Sewer)
  A gnoll bouda (D:6)
  2 jellies
  4 hounds
  3 iguanas
  An orc priest (D:8)
  An orc wizard (D:8)
  5 adders
  16 gnolls
  3 shadow imps
  A white imp (D:7)
  2 ufetubi (Sewer)
  2 worms
  3 dart slugs
  10 orcs
  5 ball pythons
  8 bats
  2 bat skeletons (D:3)
  2 bat zombies (D:3)
  10 endoplasms
  6 giant cockroaches
  12 goblins
  4 hobgoblins
  4 jackals (D:2)
  5 quokkas
  4 frilled lizards
  34 kobolds
  A kobold zombie (Sewer)
  24 orc zombies (Bailey)
  2 rats
  A spectral kobold (D:6)
252 creatures vanquished.

Vanquished Creatures (others)
  A goblin (D:8)
  A kobold zombie (Sewer)
2 creatures vanquished.

Grand Total: 254 creatures vanquished

Notes
Turn   | Place    | Note
-------+----------+-------------------------------------------
     0 | D:1      | xian the Spriggan Hunter began the quest for the Orb.
     0 | D:1      | Reached XP level 1. HP: 10/10 MP: 2/2
    65 | D:1      | Found a faded altar of an unknown god.
    80 | D:1      | Reached XP level 2. HP: 13/14 MP: 3/3
   527 | D:1      | Reached XP level 3. HP: 18/18 MP: 4/4
   601 | D:2      | Reached skill level 5 in Ranged Weapons
   697 | D:2      | Noticed Sigmund
   705 | D:2      | Killed Sigmund
   706 | D:2      | Reached skill level 6 in Ranged Weapons
   706 | D:2      | Reached XP level 4. HP: 16/23 MP: 5/5
   706 | D:2      | Reached XP level 5. HP: 18/26 MP: 6/6
  1649 | D:3      | Reached XP level 6. HP: 30/30 MP: 7/7
  1800 | D:3      | Found an ancient bone altar of Kikubaaqudgha.
  1817 | D:3      | Reached skill level 7 in Ranged Weapons
  2339 | D:4      | Found a glowing silver altar of Zin.
  2560 | D:4      | Reached XP level 7. HP: 35/35 MP: 8/8
  2783 | D:4      | Found a staircase to the Ecumenical Temple.
  2853 | D:5      | Entered Level 5 of the Dungeon
  2883 | D:5      | Reached skill level 8 in Ranged Weapons
  2969 | D:5      | Found a hide-covered altar of Uskayaw.
  3250 | Temple   | Entered the Ecumenical Temple
  3250 | Temple   | Found a transporter.
  3250 | Temple   | Found a transporter.
  3252 | Temple   | Found a transporter.
  3252 | Temple   | Found a transporter.
  3817 | D:6      | Reached XP level 8. HP: 40/40 MP: 9/9
  3867 | D:6      | Reached skill level 9 in Ranged Weapons
  4123 | D:6      | Found a glowing drain.
  4139 | Sewer    | Entered a sewer
  4316 | Sewer    | Noticed Grinder
  4720 | Sewer    | Killed Grinder
  4762 | Sewer    | Found a burning altar of Makhleb.
  5060 | D:6      | Reached skill level 10 in Ranged Weapons
  5291 | D:6      | Identified the +1 cloak of Fortification {rF+++ Regen+
                  | Str+2 Int-4}
  5485 | D:6      | Found a hazy altar of Hepliaklqana.
  6073 | D:6      | Reached skill level 5 in Dodging
  6073 | D:6      | Reached XP level 9. HP: 46/46 MP: 10/10
  6107 | D:7      | Reached skill level 11 in Ranged Weapons
  6183 | D:7      | Found a shimmering blue altar of Sif Muna.
  6508 | D:7      | Noticed a two-headed ogre
  6551 | D:7      | Killed a two-headed ogre
  6552 | D:7      | Reached skill level 5 in Fighting
  6552 | D:7      | Reached skill level 12 in Ranged Weapons
  7053 | D:8      | Found a flagged portal.
  7075 | D:8      | Reached XP level 10. HP: 51/51 MP: 11/11
  7099 | Bailey   | Entered a bailey
  7284 | Bailey   | Found the +18 shield of the Gong {rElec rN+ Will+ EV-5}
  7334 | Bailey   | Noticed a gargoyle
  7551 | Bailey   | Killed a gargoyle
  7552 | Bailey   | Reached skill level 13 in Ranged Weapons
  7722 | Bailey   | Identified the +0 scale mail of Jeujum {rElec rF+}
  8585 | D:9      | Noticed Harold
  8593 | D:9      | Noticed Psyche
  8633 | D:8      | Killed Psyche
  8702 | D:9      | Noticed a green ugly thing
  8740 | D:9      | Killed a green ugly thing
  8740 | D:9      | HP: 2/53 [poisoned by a green ugly thing]
  8741 | D:9      | Reached skill level 14 in Ranged Weapons
  8741 | D:9      | Succumbed to a green ugly thing's poison

Illustrated notes

Levels and vault maps discovered:
D:1:      minmay_arrival_stone_box, layout_rooms,
          ebering_ecumenical_altar_sacrificial, corexii_item_surrounded_by_moat,
          columned_hall_lemuel, grunt_decor_one_mirror
D:2:      layout_basic, chequers_serial_rivers_marsh, uniq_sigmund
D:3:      layout_rooms, kennysheep_vampire_church, st_stairs_8
D:4:      layout_gridville, zin_scriptorium, minmay_temple_entry_from_below_b,
          chequers_serial_rivers_micro_c
D:5:      layout_gridville, mainiacjoe_overflow_surrounded_room
D:6:      layout_loops_ring, nicolae_hepliaklqana_monster_ancestors,
          gup_sewer_entry_pipe, hangedman_glass_teeth, dk_noncrumbling_3
D:7:      layout_basic, overflow_temple_1_default
D:8:      layout_loops_ring, enter_bailey_3
D:9:      layout_rooms, gammafunk_temple_overflow_elements, blue_anna_alchemist,
          uniq_psyche, uniq_maggie, uniq_harold
Temple:   hellmonk_temple_divided_pantheon

Skill      XL: |  1  2  3  4  5  6  7  8  9 10 |
---------------+-------------------------------+-----
Ranged Weapons | 6 7 8 10 12 14 | 14.1
Fighting       | 2 3 4 5 6 |  6.7
Stealth        | 2 3 |  3.6
Dodging        | 3 4 5 6 7 |  7.1

Action                   |  1- 3 |  4- 6 |  7- 9 | 10-12 || total
-------------------------+-------+-------+-------+-------++-------
 Fire: Shortbow          |    81 |   181 |   550 |   400 ||  1212
  Use: Scroll            |     2 |     7 |     6 |     3 ||    18
       Potion            |       |       |     5 |     1 ||     6
Armor: Robe              |     2 |    19 |    44 |    45 ||   110
Dodge: Dodged            |    19 |   106 |   355 |   281 ||   761
